 Dungeon Crawl Stone Soup version 0.28-a0-1616-g050a50673c (webtiles) character file.

Game seed: 7906856084969695800

6 HallandMoats the Skirmisher (level 1, -2/18 HPs)
             Began as a Demonspawn Fighter on Jan 22, 2022.
             Slain by a kobold (4 damage)
             ... on level 1 of the Dungeon.
             The game lasted 00:00:14 (83 turns).

HallandMoats the Skirmisher (Demonspawn Fighter)      Turns: 83, Time: 00:00:15

Health: -2/18      AC:  6    Str: 16    XL:     1   Next: 75%
Magic:  1/1        EV:  8    Int:  9    God:
Gold:   14         SH:  4    Dex: 12    Spells: 0/0 levels left

rFire   . . .      SeeInvis .   a - +0 flail
rCold   . . .      Faith    .   c - +0 buckler
rNeg    . . .      Spirit   .   b - +0 scale mail
rPois   .          Reflect  .   (no helmet)
rElec   .          Harm     .   (no cloak)
rCorr   .          Rampage  .   (no gloves)
Will    .....                   (no boots)
Stlth   ..........              (no amulet)
HPRegen 0.06/turn               (no ring)
MPRegen 0.07/turn               (no ring)

@: no status effects
A: no striking features
a: no special abilities


You were on level 1 of the Dungeon.
You visited 1 branch of the dungeon, and saw 1 of its levels.

You collected 14 gold pieces.

Inventory:

Hand Weapons
 a - a +0 flail (weapon)
Armour
 b - a +0 scale mail (worn)
 c - a +0 buckler (worn)
Scrolls
 e - a scroll of identify {unknown}
Potions
 d - a potion of might


   Skills:
 * Level 3.1 Fighting
 - Level 1.7 Maces & Flails
 + Level 2.7 Armour
 + Level 0.1 Dodging
 + Level 2.7 Shields
 * Level 1.0 Invocations


You couldn't memorise any spells.
You didn't know any spells.
Your spell library was empty.

Dungeon Overview and Level Annotations

Branches:
Dungeon (1/15)

Altars:


Message History

The jackal misses you.
The jackal bites you but does no damage.
You closely miss the jackal.
The jackal is moderately wounded.
The jackal barely misses you. The jackal bites you.
You closely miss the jackal.
The jackal is moderately wounded.
The jackal closely misses you. The jackal barely misses you.
You closely miss the jackal.
The jackal is moderately wounded.
You block the jackal's attack.
The jackal bites you but does no damage.
You closely miss the jackal.
The jackal is moderately wounded.
The jackal bites you but does no damage.
You closely miss the jackal.
The jackal is moderately wounded.
The jackal completely misses you. The jackal barely misses you.
You block the jackal's attack.
You closely miss the jackal.
The jackal is moderately wounded.
The jackal completely misses you.
You sock the jackal!
You kill the jackal!
The frilled lizard bites you but does no damage.
You hit the frilled lizard.
You kill the frilled lizard!
Your Invocations skill increases to level 1!
Things that are here:
a frilled lizard corpse; a jackal corpse; a jackal corpse A kobold comes into view.
It is wielding a +0 short sword.
The kobold shouts!
You hear a shout!
A ball python comes into view.
A goblin comes into view. It is wielding a +0 dagger.
The ball python hisses angrily.
The goblin shouts!
The kobold hits you with a +0 short sword.
* * * LOW HITPOINT WARNING * * *
You block the ball python's attack. The ball python barely misses you.
The kobold hits you with a +0 short sword.
You die...

###.....## #####.#
###......... #.....##
#...........
...#..#.......≈≈≈...
######.#..+.....≈≈≈≈≈≈≈.
#........##....≈≈≈≈≈≈≈≈≈
#....#.###############
#.##..SK......##########
#......@..............†.
.....................###
####################†...
..... ...... ..#..##
####..# .... ####


You could see a ball python and a kobold.

Vanquished Creatures
  4 jackals (D:1)
  A frilled lizard (D:1)
5 creatures vanquished.

Notes
Turn   | Place    | Note
-------+----------+-------------------------------------------
     0 | D:1      | HallandMoats the Demonspawn Fighter began the quest for the
                  | Orb.
     0 | D:1      | Reached XP level 1. HP: 18/18 MP: 1/1
    68 | D:1      | Reached skill level 1 in Invocations
    83 | D:1      | Slain by a kobold

Illustrated notes

Levels and vault maps discovered:
D:1:      nzn_arrival_depleted_hourglass, layout_basic,
          minmay_misc_feat_four_crosses

Skill      XL: |  1 |
---------------+----+-----
Invocations    | 1 |  1.0
Fighting       | |  3.1
Maces & Flails | |  1.7
Armour         | |  2.7
Dodging        | |  0.1
Shields        | |  2.7

Action                   || total
-------------------------++-------
Melee: Flail             ||    29
Armor: Scale mail        ||    23
Dodge: Dodged            ||    28
Block: Buckler           ||    11

Table legend: (Time is in decaauts)
 A = Elapsed time spent in this place.
 B = Non-inter-level travel time spent in this place.
 C = Inter-level travel time spent in this place.
 D = Time resting spent in this place.
 E = Time spent auto-exploring this place.
 F = Levels seen in this place.
 G = Mean time per level.
                   A        B        C        D        E       F      G
               +--------+--------+--------+--------+--------+-----+--------+
         Total |     94 |     94 |      0 |      0 |     32 |   1 |   94.0 |
       Dungeon |     94 |     94 |      0 |      0 |     32 |   1 |   94.0 |
               +--------+--------+--------+--------+--------+-----+--------+

Top non-repeatable levels by time:
     D:1: 94 daAuts
